 Dungeon Sprint DCSS version bcrawl-1.18.1 (webtiles) character file.

Game seed: 4586601979337163358

11595 Kairok the Ninja (level 11, -9/71 HPs)
             Began as a Mana Stalker Rogue on Nov 11, 2019.
             Was a Follower of Uskayaw.
             Mangled by a lorocyproca (22 damage)
             ... in the Dungeon (Sprint I: "Red Sonja").
             The game lasted 00:20:15 (1524 turns).

Kairok the Ninja (Mana Stalker Rogue)               Turns: 1524, Time: 00:20:15

Health: -9/71      AC: 13    Str: 13    XL:     11   Next: 80%
Magic:  12/16      EV: 12    Int: 11    God:    Uskayaw [*.....]
Gold:   510        SH:  0    Dex: 20    Spells: 10/10 levels left

rFire    + + .     SeeInvis .   C - +1 trident of Midwinter {pierce, rPois}
rCold    . . .     Gourm    .   (no shield)
rNeg     . . .     Faith    +   a - +1 ring mail {rF+}
rPois    +         Spirit   .   x - +0 helmet
rElec    .         Reflect  .   d - +0 cloak
rCorr    .         Harm     .   (no gloves)
MR       ++...     NoTele   +   y - +2 pair of boots
Stlth    ++++++++++             A - amulet of Xom's Passing Interest {Faith +Inv rF+}
HPRegen  0.61/turn              c - ring of wizardry
MPRegen  0.15/turn              t - ring of stealth

@: no status effects
A: fangs 3, magic resistance 1, regeneration 1, antimagic bite, no potion heal
3, rot immunity, strong jaws
a: Stomp, Renounce Religion, Evoke Invisibility


You were in the Dungeon.
You worshipped Uskayaw.
Uskayaw was noncommittal.
You were near starving.

You visited 1 branch You collected 1554 gold pieces.
You spent 1044 gold pieces at shops.

Inventory:

Hand Weapons
 b - a +0 blowgun
 p - a +0 dagger of electrocution
 q - a +0 hunting sling
 w - a +2 short sword of draining
 C - the +1 trident of Midwinter (weapon) {pierce, rPois}
   (You found it in the Dungeon)

   It inflicts extra damage upon your enemies.
   It protects you from poison.
Missiles
 e - 79 poisoned needles (quivered)
 r - 418 sling bullets
 u - 9 curare-tipped needles
Armour
 a - a +1 ring mail of fire resistance (worn)
 d - a +0 cloak (worn)
 s - a +0 leather armour
 x - a +0 helmet (worn)
 y - a +2 pair of boots (worn)
Jewellery
 c - a ring of wizardry (left hand)
 t - a ring of stealth (right hand)
 A - the amulet of Xom's Passing Interest (around neck) {Faith +Inv rF+}
   (You found it in the Dungeon)

   [amulet of faith]

   It allows you to gain divine favour quickly.
   It protects you from fire.
   It lets you turn invisible.
 D - a cursed ring of flight
 E - an uncursed ring of positive energy
Wands
 f - a wand of flame (15)
 g - a wand of enslavement (15)
 o - a wand of polymorph (11)
Scrolls
 n - 2 scrolls of blinking
 v - 2 scrolls of remove curse
 z - a scroll of amnesia
 B - a scroll of summoning
Potions
 i - 3 potions of curing
 j - a potion of heal wounds
 k - a potion of haste
 l - 2 potions of magic
 m - a potion of berserk rage
Comestibles
 h - 5 rations {!d}


   Skills:
 + Level 9.1 Fighting
 * Level 11.5 Short Blades
 + Level 5.9 Armour
 + Level 2.9 Dodging
 O Level 27 Stealth
 * Level 3.9 Invocations
 + Level 6.1 Evocations


You had 10 spell levels left.
You didn't know any spells.
Your spell library was empty.

Dungeon Overview and Level Annotations

Branches:
Dungeon (1/1)

Altars:
Cheibriados
Dithmenos
Elyvilon
Fedhas
Gozag
Hepliaklqana
Kikubaaqudgha
Lugonu
Makhleb
Nemelex Xobeh
Okawaru
Qazlal
Ru
Sif Muna
Trog
Uskayaw
Vehumet
Wu Jian
Xom
Yredelemnul
Zin
The Shining One
Jiyva

Shops:
D %*:=[:=?=}[=:%=}}=*[(


Innate Abilities, Weirdness & Mutations

You have razor-sharp teeth.
You are resistant to hostile enchantments. (MR+)
Your natural rate of healing is unusually fast.
Your bite disrupts and absorbs the magic of your enemies.
Potions cannot restore your health.
You are immune to rotting.
Your bites deal extra damage.


Message History

Unknown command.
There is an open door here.
You now have 456 gold pieces (gained 27).
You now have 483 gold pieces (gained 27).
You now have 510 gold pieces (gained 27).
The meliai invokes the aid of its god against you.
Something smites you! Something hits you but does no damage.
Deactivating autopickup; reactivate with Ctrl-A.
Something hits you!!
You feel your power leaking away.
The meliai mumbles some strange prayers to its god against you.
Something smites you!
Really walk into a travel-excluded area?
There is an open door here.
Something is blocking the doorway!
The meliai mumbles some strange prayers to its god against you.
Something smites you!
* * * LOW HITPOINT WARNING * * *
Something hits you!!
You die...

#####################
..#__#..'..)#..#.§§§+
..'^.'..#...##'#§####
#'#__####)..'.§#§# ###
#.####§§#####.§§.#+#$###
#.#§≈§§§#§.##+####^.$#y#
_.'§§§.§'..#○○☼.^#..$###
._#§§≈§§#§.#.○.☼@'.....#
#+##'#####'###^°°#^....#
# #[.()###.'.#...###++##
####'###(###.#○○##
.'.....'.∩##.#.^#
.###########.##'#
###.......##§##)#
#.#........§.####
..#+.§######§#


You could see a meliai.

Vanquished Creatures
  2 centaur warriors (D)
  Sonja (D)
  A deep troll (D)
  2 unseen horrors (D)
  A lindwurm (D)
  An oklob plant (D)
  8 shining eyes (D)
  A gargoyle (D)
  4 demonic crawlers (D)
  2 kobold demonologists (D)
  A hornet (D)
  A slime creature (D)
  Sigmund (D)
  2 redbacks (D)
  A yak (D)
  6 floating eyes (D)
  An ogre (D)
  7 necrophages (D)
  8 jellies (D)
  Ijyb (D)
  2 ballistomycetes (D)
  A ballistomycete spore (D)
55 creatures vanquished.

Vanquished Creatures (others)
  A gargoyle (D)
  A ballistomycete spore (D)
2 creatures vanquished.

Grand Total: 57 creatures vanquished

Notes
Turn   | Place    | Note
-------+----------+-------------------------------------------
     0 | D        | Kairok the Vine Stalker Rogue began the quest for the Orb.
     0 | D        | Reached XP level 1. HP: 12/12 MP: 3/3
     1 | D        | Noticed Ijyb
     4 | D        | Killed Ijyb
     4 | D        | Reached skill level 9 in Stealth
     4 | D        | Reached XP level 2. HP: 17/17 MP: 4/4
     4 | D        | Reached XP level 3. HP: 21/21 MP: 5/5
    19 | D        | Noticed an ogre
    22 | D        | Killed an ogre
    22 | D        | Reached skill level 12 in Stealth
    22 | D        | Reached XP level 4. HP: 27/27 MP: 5/7
    25 | D        | Noticed Sigmund
    28 | D        | Killed Sigmund
    28 | D        | Reached skill level 15 in Stealth
    28 | D        | Reached XP level 5. HP: 32/32 MP: 5/8
    28 | D        | Gained mutation: You have razor-sharp teeth. [Vine Stalker
                  | growth]
    28 | D        | Reached XP level 6. HP: 37/37 MP: 5/9
    53 | D        | Found a shimmering blue altar of Sif Muna.
    54 | D        | Found an ornate altar of the Wu Jian Council.
    55 | D        | Found a radiant altar of Vehumet.
    59 | D        | Reached skill level 16 in Stealth
    85 | D        | Found Duocsiw's Jewellery Emporium.
    85 | D        | Found an ancient bone altar of Kikubaaqudgha.
    85 | D        | Found a hazy altar of Hepliaklqana.
    85 | D        | Found a hide-covered altar of Uskayaw.
    85 | D        | Found a basalt altar of Yredelemnul.
    85 | D        | Found an opulent altar of Gozag.
    85 | D        | Found a snail-covered altar of Cheibriados.
    85 | D        | Found a sacrificial altar of Ru.
    85 | D        | Found a shadowy altar of Dithmenos.
    85 | D        | Noticed a yak
    86 | D        | Found a stormy altar of Qazlal.
    86 | D        | Found a blossoming altar of Fedhas.
    86 | D        | Found a bloodstained altar of Trog.
    86 | D        | Found an iron altar of Okawaru.
    86 | D        | Found a glowing golden altar of the Shining One.
    86 | D        | Found a glowing silver altar of Zin.
    86 | D        | Found a white marble altar of Elyvilon.
    87 | D        | Killed a yak
    87 | D        | Reached skill level 17 in Stealth
    87 | D        | Reached XP level 7. HP: 42/42 MP: 10/10
    88 | D        | Found a sparkling altar of Nemelex Xobeh.
   192 | D        | Bought an uncursed ring of stealth for 245 gold pieces
   200 | D        | Became a worshipper of Uskayaw the Reveler
   205 | D        | Noticed Sonja
   209 | D        | Killed Sonja
   209 | D        | Reached skill level 20 in Stealth
   209 | D        | Gained mutation: Your bite disrupts and absorbs the magic
                  | of your enemies. [Mana Stalker growth]
   209 | D        | Gained mutation: You are resistant to hostile enchantments.
                  | (MR+) [Mana Stalker growth]
   209 | D        | Reached XP level 8. HP: 44/48 MP: 10/12
   209 | D        | Reached * piety under Uskayaw
   226 | D        | Found Raoklef's Food Boutique.
   240 | D        | Noticed a shining eye
   240 | D        | Noticed a shining eye
   240 | D        | Noticed a shining eye
   247 | D        | Paralysed by a floating eye for 3 turns
   253 | D        | Reached ** piety under Uskayaw
   254 | D        | Reached skill level 5 in Short Blades
   255 | D        | Reached *** piety under Uskayaw
   256 | D        | Killed a shining eye
   256 | D        | Reached skill level 21 in Stealth
   256 | D        | Reached **** piety under Uskayaw
   322 | D        | Killed a shining eye
   322 | D        | Reached skill level 5 in Fighting
   322 | D        | Reached skill level 22 in Stealth
   322 | D        | Reached XP level 9. HP: 54/54 MP: 10/12
   329 | D        | Noticed a shining eye
   329 | D        | Noticed a shining eye
   329 | D        | Noticed a shining eye
   331 | D        | Noticed a shining eye
   331 | D        | Noticed a shining eye
   332 | D        | Killed a shining eye
   332 | D        | Reached skill level 5 in Evocations
   338 | D        | Paralysed by a floating eye for 2 turns
   341 | D        | Reached skill level 23 in Stealth
   345 | D        | Killed a shining eye
   345 | D        | Reached skill level 1 in Armour
   349 | D        | Reached ***** piety under Uskayaw
   353 | D        | Killed a shining eye
   353 | D        | Reached skill level 24 in Stealth
   362 | D        | Killed a shining eye
   362 | D        | Reached XP level 10. HP: 60/60 MP: 15/15
   368 | D        | Reached ****** piety under Uskayaw
   370 | D        | Killed a shining eye
   370 | D        | Reached skill level 25 in Stealth
   374 | D        | Killed a shining eye
   384 | D        | Found Juxirr's Antique Armour Shop.
   384 | D        | Found Tynluod's Assorted Antiques.
   384 | D        | Found Zitunnak's Book Boutique.
   384 | D        | Found Werimiqy's Book Emporium.
   400 | D        | Bought a scroll labeled GUFEIL KAOMU for 29 gold pieces
   418 | D        | Killed a gargoyle
   425 | D        | Bought a scroll labeled UTSAUW EREHOUN for 29 gold pieces
   673 | D        | Noticed a deep troll
   677 | D        | Killed a deep troll
   702 | D        | Found Zampasm's Armour Emporium.
   707 | D        | Bought a +2 pair of boots for 165 gold pieces
   719 | D        | Noticed a centaur warrior
   722 | D        | Noticed a centaur warrior
   725 | D        | Killed a centaur warrior
   725 | D        | Reached skill level 26 in Stealth
   730 | D        | Killed a centaur warrior
   858 | D        | Noticed an oklob plant
   860 | D        | Killed an oklob plant
   860 | D        | Reached skill level 27 in Stealth
   860 | D        | Reached XP level 11. HP: 66/66 MP: 16/16
   939 | D        | Killed an unseen horror
   939 | D        | Reached skill level 10 in Short Blades
  1040 | D        | Killed an unseen horror
  1040 | D        | Reached skill level 1 in Dodging
  1164 | D        | Got a slimy ivory amulet
  1170 | D        | Got an ancient trident
  1175 | D        | Identified the cursed +1 trident of Midwinter {pierce,
                  | rPois} (You found it in the Dungeon)
  1179 | D        | Identified the amulet of Xom's Passing Interest {Faith +Inv
                  | rF+} (You found it in the Dungeon)
  1184 | D        | Found Idghat Minka's Magic Scroll Shoppe.
  1184 | D        | Found Xydeapp's Jewellery Shop.
  1184 | D        | Found Team's Jewellery Boutique.
  1186 | D        | Found Doown's Gadget Emporium.
  1186 | D        | Found Duzxuh's Antique Armour Shop.
  1186 | D        | Found Fywad's Jewellery Shoppe.
  1186 | D        | Found Imichai's Book Boutique.
  1186 | D        | Found Geph's Food Emporium.
  1186 | D        | Found Koupp's Jewellery Shop.
  1186 | D        | Found Cafogaef's Gadget Shoppe.
  1188 | D        | Found Cabbo's Gadget Boutique.
  1189 | D        | Found Unydaw's Assorted Antiques.
  1189 | D        | Found Mamyam's Jewellery Boutique.
  1190 | D        | Found Myasuow's Weapon Emporium.
  1262 | D        | Bought a glowing ring mail for 168 gold pieces
  1296 | D        | Found a viscous altar of Jiyva.
  1296 | D        | Found a corrupted altar of Lugonu.
  1297 | D        | Found a burning altar of Makhleb.
  1297 | D        | Found a shimmering altar of Xom.
  1317 | D        | Reached skill level 5 in Armour
  1326 | D        | Reached skill level 1 in Invocations
  1345 | D        | Noticed a lindwurm
  1349 | D        | Killed a lindwurm
  1421 | D        | Bought a scroll of identify for 20 gold pieces
  1421 | D        | Bought a scroll of identify for 20 gold pieces
  1421 | D        | Bought a scroll of identify for 20 gold pieces
  1434 | D        | Bought a knobbly gilded ring for 105 gold pieces
  1437 | D        | Bought a cursed ring of flight for 188 gold pieces
  1441 | D        | Bought a ration for 55 gold pieces
  1524 | D        | Mangled by a lorocyproca

Skill      XL: |  1  2  3  4  5  6  7  8  9 10 11 |
---------------+----------------------------------+-----
Fighting       | 2 3 4 5 6 9 |  9.1
Short Blades   | 2 3 4 5 7 9 11 | 11.5
Stealth        | 9 12 15 17 20 22 24 27 | 27.0
Evocations     | 2 3 4 5 6 |  6.1
Armour         | 1 2 5 |  5.9
Dodging        | 2 |  2.9
Invocations    | 3 |  3.9

Action                   |  1- 3 |  4- 6 |  7- 9 | 10-12 || total
-------------------------+-------+-------+-------+-------++-------
Melee: Dagger            |     2 |     3 |    27 |    99 ||   131
       Bite              |       |       |    14 |    32 ||    46
Invok: Stomp             |       |       |       |     1 ||     1
  Use: Scroll            |       |       |       |     6 ||     6
 Stab: Sleeping          |     2 |     3 |     3 |    18 ||    26
       Paralysed         |       |       |     2 |     3 ||     5
Armor: Leather armour    |       |       |       |    21 ||    21
       Ring mail         |       |       |       |     2 ||     2
Dodge: Dodged            |       |       |       |    17 ||    17
